 Dungeon Crawl Stone Soup version 0.21-a0-154-gb5400c9 (webtiles) character file.

97569 Lunath the Executioner (level 15, -3/126 HPs)
             Began as a Minotaur Fighter on Aug 2, 2017.
             Was a High Priest of Okawaru.
             Shot with an arrow by a naga sharpshooter (4 damage)
             ... led by Vashnia
             ... on level 3 of the Snake Pit.
             The game lasted 00:56:10 (20624 turns).

Lunath the Executioner (Minotaur Fighter)          Turns: 20624, Time: 00:56:11

Health: -3/126     AC: 41    Str: 22    XL:     15   Next: 72%
Magic:  21/21      EV: 17    Int:  6    God:    Okawaru [*****.]
Gold:   2020       SH:  0    Dex: 14    Spells: 22/23 levels left

rFire    . . .     SeeInvis .   b - +9 battleaxe of Ylijal {speed, +Inv +Fly Stlth-}
rCold    + . .     Gourm    .   (shield currently unavailable)
rNeg     . . .     Faith    .   x - +27 Lear's hauberk
rPois    +         Spirit   .   (helmet currently unavailable)
rElec    +         Reflect  .   u - +1 cloak of Starlight {rElec rC+ EV+4 Stlth--}
rCorr    .         Harm     .   (gloves currently unavailable)
MR       +....                  (boots currently unavailable)
Stlth    ..........             m - amulet of regeneration
HPRegen  0.71/turn              k - +4 ring of slaying
MPRegen  0.17/turn              Z - ring of poison resistance

@: hasted and slowed
A: retaliatory headbutt, horns 2
a: Heroism, Finesse, Renounce Religion, Evoke Invisibility, Evoke Flight


You were on level 3 of the Snake Pit.
You worshipped Okawaru.
Okawaru was extremely pleased with you.
You were not hungry.

You visited 5 branches of the dungeon, and saw 27 of its levels.
You also visited: Labyrinth.

You collected 2545 gold pieces.
You spent 525 gold pieces at shops.

Inventory:

Hand Weapons
 a - the +11 executioner's axe of Woe {flame, +Inv rElec rN+}
   (Okawaru gifted it to you in a labyrinth)

   It has been specially enchanted to burn those struck by it, causing extra
   injury to most foes and up to half again as much damage against particularly
   susceptible opponents.
   Big, fiery blades are also staple armaments of hydra-hunters.
   It insulates you from electricity.
   It protects you from negative energy.
   It lets you turn invisible.
 b - the +9 battleaxe of Ylijal (weapon) {speed, +Inv +Fly Stlth-}
   (Okawaru gifted it to you on level 5 of the Lair of Beasts)

   Attacks with this weapon are significantly faster.
   It lets you turn invisible.
   It lets you fly.
   It makes you less stealthy.
 S - the +8 executioner's axe "Taseexaf" {flame, rC+ SInv}
   (You found it on level 11 of the Dungeon)

   It has been specially enchanted to burn those struck by it, causing extra
   injury to most foes and up to half again as much damage against particularly
   susceptible opponents.
   Big, fiery blades are also staple armaments of hydra-hunters.
   It protects you from cold.
   It lets you see invisible.
Armour
 u - the +1 cloak of Starlight (worn) {rElec rC+ EV+4 Stlth--}
   (You found it on level 5 of the Dungeon)

   It affects your evasion (+4).
   It protects you from cold.
   It insulates you from electricity.
   It makes you much less stealthy.
 x - the +27 Lear's hauberk (worn)
   (You acquired it on level 12 of the Dungeon)
 B - a +2 pair of gloves
 C - a +2 pair of gloves of archery
 G - a +2 pair of boots of stealth
 J - a +0 plate armour
 N - a +4 plate armour of fire resistance
 V - the +1 hat of Hoetedu {Regen+ Str+7 Dex-2}
   (Okawaru gifted it to you on level 6 of the Lair of Beasts)

   It affects your strength (+7).
   It affects your dexterity (-2).
   It increases your rate of regeneration.
Jewellery
 i - a +3 ring of protection
 k - a +4 ring of slaying (left hand)
 m - an amulet of regeneration (around neck)
 z - a +3 ring of evasion
 O - a cursed -4 ring of protection
 Z - a ring of poison resistance (right hand)
Wands
 c - a wand of disintegration (19/24)
 w - a wand of lightning (5/15)
 L - a wand of acid (15/15)
Scrolls
 n - 8 scrolls of remove curse
 o - 2 scrolls of enchant weapon
 s - a scroll of amnesia
 y - 6 scrolls of recharging
 A - 9 scrolls of teleportation
 E - 2 scrolls of silence
 K - 7 scrolls of magic mapping
 M - 7 scrolls of identify
 W - 6 scrolls of fog
Potions
 d - 6 potions of might
 e - 4 potions of haste
 g - a potion of ambrosia
 h - 7 potions of heal wounds
 p - 4 potions of agility
 q - 13 potions of curing
 r - a potion of invisibility
 F - 4 potions of resistance
 H - 4 potions of flight
 I - 2 potions of brilliance
 Q - 2 potions of cancellation
Books
 v - Roxanne's Tome of Transformation
   (You took it off Roxanne on level 15 of the Dungeon)

   Spells                             Type                      Level
   a - Beastly Appendage              Transmutation                1
   b - Sticks to Snakes               Transmutation                2
   c - Ignite Poison                  Fire/Transmutation/Poison    3
   d - Ice Form                       Ice/Transmutation            4
   e - Statue Form                    Transmutation/Earth          6
 D - a book of Geomancy

   Spells                             Type                      Level
   a - Sandblast                      Earth                        1
   b - Passwall                       Transmutation/Earth          2
   c - Stone Arrow                    Conjuration/Earth            3
   d - Petrify                        Transmutation/Earth          4
   e - Lee's Rapid Deconstruction     Earth                        5
Comestibles
 f - 14 bread rations
 j - 8 royal jellies
 l - a chunk of flesh
 t - 11 meat rations
 R - 26 fruits


   Skills:
 - Level 10.2 Fighting
 * Level 22.6 Axes
 - Level 10.3 Armour
 + Level 8.8 Dodging
   Level 3.6 Shields
 - Level 4.5 Spellcasting
 - Level 4.4 Charms
 - Level 9.9 Invocations
 + Level 1.2 Evocations


You had 22 spell levels left.
You knew the following spells:

 Your Spells              Type           Power        Failure   Level  Hunger
a - Infusion              Chrm           #...         30%         1    ##.....


Dungeon Overview and Level Annotations

Branches:
Dungeon (15/15)            Temple (1/1) D:5            Lair (6/6) D:8
 Shoals (0/4) Lair:3        Snake (3/4) Lair:3        Slime (0/5) Lair:5
    Orc (2/2) D:9             Elf (0/3) Orc:2        Vaults (0/5) D:14
 Depths (0/5) D:15

Altars:
Ashenzari
Cheibriados
Dithmenos
Elyvilon
Fedhas
Gozag
Hepliaklqana
Kikubaaqudgha
Makhleb
Nemelex Xobeh
Okawaru
Qazlal
Ru
Sif Muna
Trog
Uskayaw
Vehumet
Wu Jian
Xom
Yredelemnul
Zin
The Shining One
Beogh

Shops:
Orc:2 ?!!%   Snake:2 }**=

Annotations:
Snake:3 Vashnia


Innate Abilities, Weirdness & Mutations

You reflexively headbutt those who attack you in melee.
You have a pair of horns on your head.


Message History

The salamander hits you with a halberd!
You are engulfed in flames!
* * * LOW HITPOINT WARNING * * *
Vashnia spits poison at you. The splash of poison misses you.
The salamander mystic hits you with a quarterstaff.
* * * LOW HITPOINT WARNING * * *
You are engulfed in flames!
* * * LOW HITPOINT WARNING * * *
The naga sharpshooter casts a spell.
The naga sharpshooter magically shoots an arrow.
The arrow hits you.
* * * LOW HITPOINT WARNING * * *
The salamander hits you from afar with a halberd.
* * * LOW HITPOINT WARNING * * *
You are engulfed in flames!
* * * LOW HITPOINT WARNING * * *
The naga sharpshooter mumbles some strange words.
The naga sharpshooter magically shoots an arrow.
The arrow hits you.
You die...

#.....?........ #.
#.......#######
##.#####.......#######
......##....<).)......
#....####...)(#######
#....####...##.......
NN###....#....#..........
.N......#.....#..........
.N.N...(@.(....(...###..#
......NN...........# ..
...................# #
........#.##.......#
.≈......#..##.####.#
..≈..N..##.# ... .#
......... .# #.#.
####..... .. #


You could see Vashnia, 3 naga sharpshooters, a salamander mystic and 2
salamanders.

Vanquished Creatures
  Nikola (Snake:2)
  Roxanne (D:15)
  A frost giant (D:15)
  A stone giant (Orc:2)
  Nessos (D:14)
  5 dire elephants (Lair:6)
  A minotaur (Lab)
  2 naga warriors
  A vault guard (D:14)
  12 hydras
  2 anacondas
  2 two-headed ogres
  3 centaur warriors
  2 orc high priests
  2 shock serpents (Snake:1)
  3 naga sharpshooters
  2 wizards (D:14)
  2 unseen horrors
  A lindwurm (Lair:5)
  A wolf spider zombie (D:15)
  2 necromancers (D:14)
  A wolf spider (Lair:5)
  A mana viper (Snake:2)
  7 orc sorcerers
  7 ugly things
  A cyclops (D:13)
  4 salamanders (Snake:2)
  4 deep elf magi
  4 oklob plants (Lair:5)
  A manticore (D:14)
  2 orc knights
  10 elephants
  5 naga magi
  6 black mambas
  4 centaur zombies
  Maurice (D:10)
  3 guardian serpents
  A gargoyle (D:14)
  An ice statue (D:14)
  A freezing wraith (D:14)
  9 spiny frogs
  A yaktaur (D:15)
  An efreet (D:15)
  11 komodo dragons
  3 hornets
  3 trolls
  9 slime creatures
  4 blink frogs (Lair:6)
  7 hippogriffs
  A polar bear (Lair:5)
  A meliai zombie (D:14)
  2 spriggans
  A vampire (D:15)
  3 shadows
  6 wyverns
  20 humans (D:14)
  26 yaks
  6 vampire mosquitoes
  8 basilisks
  2 hungry ghosts
  3 wargs
  13 nagas
  9 water moccasins
  31 orc warriors
  5 porcupines
  2 eyes of draining
  A sky beast (D:6)
  A hornet zombie (D:3)
  A phantom (D:12)
  4 ice beasts
  9 ogres
  3 boggarts (D:14)
  34 wolves
  7 centaurs
  14 crocodiles
  A big kobold (D:13)
  A wyvern zombie (D:7)
  11 bullfrogs
  5 scorpions
  A wyvern skeleton (D:13)
  23 killer bees
  4 howler monkeys
  4 wights (D:12)
  5 electric eels
  6 crimson imps
  2 quasits
  3 hounds
  A gnoll shaman (Orc:1)
  2 jellies
  30 orc priests
  2 centaur skeletons
  38 orc wizards
  4 bullfrog skeletons
  5 iguanas
  7 hell rats (Lair:4)
  10 worker ants
  A hound zombie (D:10)
  2 hound skeletons
  A worker ant zombie (D:11)
  24 adders
  7 gnolls (Orc:1)
  6 shadow imps
  2 oozes
  An adder zombie (D:6)
  3 worms
  2 dart slugs
  4 leopard geckos
  80 orcs
  11 bats
  4 giant cockroaches
  7 goblins
  4 hobgoblins
  19 jackals
  10 kobolds
  6 quokkas
  3 ball pythons
  5 frilled lizards
  A giant cockroach zombie (D:5)
  A quokka skeleton (D:6)
  9 rats
  6 fungi
  11 plants
768 creatures vanquished.

Vanquished Creatures (others)
  A naga mage (Snake:2)
  A hound (D:9)
  An orc wizard (Orc:2)
  A jackal (D:9)
  5 fungi
  10 plants
19 creatures vanquished.

Grand Total: 787 creatures vanquished

Notes
Turn   | Place    | Note
-------+----------+-------------------------------------------
     0 | D:1      | Lunath the Minotaur Fighter began the quest for the Orb.
     0 | D:1      | Reached XP level 1. HP: 19/19 MP: 0/0
    25 | D:1      | Reached skill level 3 in Axes
    53 | D:1      | Reached XP level 2. HP: 26/26 MP: 1/1
   310 | D:1      | Reached skill level 4 in Axes
   389 | D:1      | Reached XP level 3. HP: 30/31 MP: 2/2
   903 | D:2      | Reached skill level 5 in Axes
  1172 | D:2      | Reached XP level 4. HP: 31/39 MP: 3/3
  1206 | D:2      | Found a glowing golden altar of the Shining One.
  1675 | D:3      | Found an iron altar of Okawaru.
  1693 | D:3      | Found a blossoming altar of Fedhas.
  1693 | D:3      | Found a radiant altar of Vehumet.
  1696 | D:3      | Reached skill level 6 in Axes
  1698 | D:3      | Found a stormy altar of Qazlal.
  1700 | D:3      | Became a worshipper of Warmaster Okawaru
  1743 | D:3      | Reached skill level 7 in Axes
  1743 | D:3      | Reached XP level 5. HP: 27/45 MP: 4/4
  1908 | D:3      | Found a glowing silver altar of Zin.
  2203 | D:4      | Reached XP level 6. HP: 51/51 MP: 5/5
  2225 | D:4      | Reached * piety under Okawaru
  2225 | D:4      | Reached skill level 8 in Axes
  2286 | D:4      | Reached skill level 9 in Axes
  2522 | D:5      | Entered Level 5 of the Dungeon
  2623 | D:5      | Reached XP level 7. HP: 52/57 MP: 6/6
  2639 | D:5      | Reached skill level 1 in Invocations
  2740 | D:5      | Found a staircase to the Ecumenical Temple.
  2749 | Temple   | Entered the Ecumenical Temple
  3606 | D:6      | Reached skill level 10 in Axes
  3665 | D:6      | Reached ** piety under Okawaru
  3730 | D:6      | Found a white marble altar of Elyvilon.
  3862 | D:6      | Reached XP level 8. HP: 46/64 MP: 9/9
  4185 | D:6      | Found a basalt altar of Yredelemnul.
  4461 | D:7      | Reached skill level 11 in Axes
  4543 | D:7      | Identified a scroll of acquirement
  4586 | D:7      | Reached *** piety under Okawaru
  4687 | D:7      | Reached skill level 12 in Axes
  4710 | D:7      | Reached skill level 5 in Invocations
  4726 | D:7      | Reached XP level 9. HP: 70/70 MP: 11/11
  4987 | D:8      | Reached **** piety under Okawaru
  4987 | D:8      | Reached skill level 13 in Axes
  5233 | D:8      | Found a staircase to the Lair.
  5234 | D:8      | Noticed a komodo dragon
  5237 | D:8      | You fall through a shaft for 3 floors!
  5250 | D:11     | Reached ***** piety under Okawaru
  5254 | D:11     | Reached skill level 14 in Axes
  5286 | D:11     | Reached XP level 10. HP: 77/77 MP: 14/14
  5466 | D:10     | Entered Level 10 of the Dungeon
  5477 | D:10     | Noticed Maurice
  5478 | D:10     | Noticed a six-headed hydra
  5490 | D:10     | Killed a 13-headed hydra
  5490 | D:10     | Received a gift from Okawaru
  5492 | D:10     | Got a distressingly furry animal skin {god gift}
  5521 | D:10     | Killed Maurice
  5521 | D:10     | Reached skill level 15 in Axes
  5538 | D:10     | Noticed a centaur warrior
  5552 | D:10     | Killed a centaur warrior
  5637 | D:9      | Found a staircase to the Orcish Mines.
  5798 | D:8      | Reached skill level 16 in Axes
  6145 | D:9      | Noticed a two-headed ogre
  6151 | D:9      | Killed a two-headed ogre
  6172 | D:9      | Reached XP level 11. HP: 66/82 MP: 16/16
  6477 | D:10     | Found a white marble altar of Elyvilon.
  6720 | D:10     | Found a runed door.
  7143 | D:11     | Got a transparent executioner's axe
  7152 | D:11     | Identified the +8 executioner's axe "Taseexaf" {flame, rC+ SInv} (You found it on level 11 of the Dungeon)
  7403 | Lair:1   | Entered Level 1 of the Lair of Beasts
  7502 | Lair:1   | Reached skill level 17 in Axes
  7524 | Lair:1   | Found a labyrinth entrance.
  7535 | Lab      | Entered a labyrinth
  8053 | Lab      | Noticed a minotaur
  8059 | Lab      | HP: 4/82 [minotaur (19)]
  8063 | Lab      | Killed a minotaur
  8063 | Lab      | Received a gift from Okawaru
  8064 | Lab      | Got an ebony executioner's axe {god gift}
  8065 | Lab      | Identified the +11 executioner's axe of Woe {flame, +Inv rElec rN+} (Okawaru gifted it to you in a labyrinth)
  8906 | Lair:2   | Learned a level 1 spell: Infusion
  8968 | Lair:2   | Noticed a spriggan rider
  8986 | Lair:2   | Reached skill level 1 in Dodging
  9004 | Lair:2   | Reached skill level 5 in Fighting
  9121 | Lair:2   | Reached skill level 5 in Armour
  9206 | Lair:2   | Noticed an eight-headed hydra
  9213 | Lair:2   | Killed a five-headed hydra
  9213 | Lair:2   | Reached skill level 18 in Axes
  9213 | Lair:2   | Reached XP level 12. HP: 94/94 MP: 10/18
  9229 | Lair:2   | Received a gift from Okawaru
  9961 | Lair:3   | You fall through a shaft for 3 floors!
  9961 | Lair:6   | Entered Level 6 of the Lair of Beasts
 10059 | Lair:5   | Noticed a four-headed hydra
 10066 | Lair:5   | Killed a one-headed hydra
 10187 | Lair:4   | Noticed an eight-headed hydra
 10194 | Lair:4   | Killed a four-headed hydra
 10426 | Lair:3   | Found a staircase to the Snake Pit.
 10445 | Lair:3   | Found a staircase to the Shoals.
 10549 | Lair:3   | Reached skill level 5 in Dodging
 10689 | Lair:2   | Noticed an eight-headed hydra
 10695 | Lair:2   | Killed a six-headed hydra
 11457 | Lair:4   | Reached skill level 19 in Axes
 11776 | Lair:5   | Received a gift from Okawaru
 11777 | Lair:5   | Got a fine battleaxe {god gift}
 11785 | Lair:5   | Identified the +9 battleaxe of Ylijal {speed, +Inv +Fly Stlth-} (Okawaru gifted it to you on level 5 of the Lair of Beasts)
 11912 | Lair:5   | Reached XP level 13. HP: 99/107 MP: 19/19
 12143 | Lair:5   | Found a staircase to the Slime Pits.
 12738 | Lair:6   | Reached ****** piety under Okawaru
 12756 | Lair:6   | Received a gift from Okawaru
 12757 | Lair:6   | Got a polished hat {god gift}
 12768 | Lair:6   | Identified the +1 hat of Hoetedu {Regen+ Str+7 Dex-2} (Okawaru gifted it to you on level 6 of the Lair of Beasts)
 13581 | Lair:6   | Noticed a dire elephant
 13581 | Lair:6   | Noticed a dire elephant
 13590 | Lair:6   | Killed a dire elephant
 13596 | Lair:6   | Killed a dire elephant
 13604 | Lair:6   | Identified Sif Muna's Reference Book on Assistive Transformation
 13645 | Lair:6   | Noticed a dire elephant
 13645 | Lair:6   | Noticed a dire elephant
 13656 | Lair:6   | Killed a dire elephant
 13656 | Lair:6   | Reached skill level 20 in Axes
 13663 | Lair:6   | Killed a dire elephant
 13667 | Lair:6   | Noticed a dire elephant
 13676 | Lair:6   | Killed a dire elephant
 13910 | Orc:1    | Entered Level 1 of the Orcish Mines
 14406 | Orc:1    | Received a gift from Okawaru
 14455 | Orc:2    | Entered Level 2 of the Orcish Mines
 14594 | Orc:2    | Reached XP level 14. HP: 71/118 MP: 13/20
 14690 | Orc:2    | Reached skill level 10 in Armour
 14802 | Orc:2    | Found a staircase to the Elven Halls.
 14879 | Orc:2    | Found Wuilubbo's Distillery.
 14879 | Orc:2    | Found Tugya's Food Emporium.
 14880 | Orc:2    | Found Duw Kune's Distillery.
 14883 | Orc:2    | Found Fumeod's Magic Scroll Shoppe.
 14899 | Orc:2    | Noticed a stone giant
 14911 | Orc:2    | Killed a stone giant
 14911 | Orc:2    | Reached skill level 10 in Fighting
 14962 | Orc:2    | Found a roughly hewn altar of Beogh.
 15202 | Orc:2    | Found a roughly hewn altar of Beogh.
 15877 | D:12     | Reached skill level 1 in Spellcasting
 16019 | D:12     | Reached skill level 1 in Charms
 16730 | D:13     | Reached skill level 21 in Axes
 17015 | D:14     | Received a gift from Okawaru
 17077 | D:14     | Found a gate to the Vaults.
 17555 | D:14     | Noticed Nessos
 17586 | D:14     | Killed Nessos
 17586 | D:14     | Received a gift from Okawaru
 17586 | D:14     | Reached XP level 15. HP: 86/126 MP: 21/21
 17590 | D:14     | You fall through a shaft!
 17590 | D:15     | Entered Level 15 of the Dungeon
 17936 | D:15     | Noticed Roxanne
 17960 | D:15     | Killed Roxanne
 17961 | D:15     | Identified Roxanne's Tome of Transformation (You took it off Roxanne on level 15 of the Dungeon)
 18264 | D:15     | Reached skill level 22 in Axes
 18290 | D:15     | Found a shadowy altar of Dithmenos.
 18476 | D:15     | Found a staircase to the Depths.
 18476 | D:15     | Noticed a frost giant
 18484 | D:15     | Killed a frost giant
 18484 | D:15     | Received a gift from Okawaru
 18931 | Snake:1  | Entered Level 1 of the Snake Pit
 20031 | Snake:2  | Found Xaatall's General Store.
 20033 | Snake:2  | Found Tewkas's Jewellery Boutique.
 20033 | Snake:2  | Found Kuwnaw's Gadget Shop.
 20034 | Snake:2  | Noticed Nikola
 20036 | Snake:2  | Found Nocven's General Store.
 20045 | Snake:2  | Killed Nikola
 20052 | Snake:2  | Bought a +1 plate armour of fire resistance for 525 gold pieces
 20417 | Snake:2  | Received a gift from Okawaru
 20418 | Snake:2  | Got a shimmering animal skin {god gift}
 20495 | Snake:2  | Reached skill level 1 in Evocations
 20620 | Snake:3  | Noticed Vashnia
 20624 | Snake:3  | HP: 1/126 [salamander/halberd (9)]
 20624 | Snake:3  | Shot with an arrow by a naga sharpshooter

Vault maps used:
D:1:      ncdulo_halloftheorcs
D:2:      tso_altar
D:3:      grunt_temple_overflow_open, lemuel_crystal_altar, grunt_ministairs_3
D:4:      first_bread
D:5:      minmay_temple_entry_grid
D:6:      kennysheep_ying_yang, kennysheep_generic_room_13
D:7:      the_bakery
D:8:      david_lair_shrubbed
D:9:      statuecave_lemuel, orc_0_dummy, lemuel_flamethrower_2
D:10:     minivault_25, minmay_st_funbox, minmay_misc_feat_doors,
          elyvilon_altar_3, uniq_maurice
D:12:     minmay_lizard_king
D:14:     grunt_vaults_entry_tiered, small_statue_alley_a, uniq_nessos
D:15:     grunt_enter_depths_snipers, nicolae_dithmenos_shadow_blocks,
          uniq_roxanne
Temple:   nicolae_temple_great_sept
Lair:1:   lab_entry_generic, cheibrodos_lair_caveside_slide,
          infiniplex_staircase_pool_2, lemuel_fruit_fields
Lair:2:   grunt_forest_large_clearings, infiniplex_staircase_pool,
          lemuel_fruit_tree
Lair:3:   elwin_shoals_entry_rocks, guppyfry_snake_entry_garden
Lair:4:   beast_lair_carwin_5
Lair:5:   minmay_lair_venomous_thicket, slime_dummy, minmay_lair_oklob_chamber,
          grunt_megastairs_4
Lair:6:   due_jungle_book, st_stairs_7, serial_bayou_lake_a
Snake:2:  minmay_shoptagon, serial_bayou_shore_b, uniq_nikola
Snake:3:  grunt_ministairs_13, uniq_vashnia, uniq_bai_suzhen
Orc:2:    st_orc_mages, special_room, basic_altar, david_defended_altar_orc
Lab:      labyrinth_mini_lab, nicolae_lab_quarters, labyrinth_skeletal_remains

Skill      XL: |  1  2  3  4  5  6  7  8  9 10 11 12 13 14 15 |
---------------+----------------------------------------------+-----
Axes           | 3 4 5 7 9 10 12 14 16 18 19 20 21 22 | 22.6
Invocations    | 3 5 7 8 9 |  9.9
Armour         | 5 7 9 10 | 10.3
Fighting       | 5 7 9 10 | 10.2
Dodging        | 2 5 7 8 |  8.8
Spellcasting   | 3 4 |  4.5
Charms         | 3 4 |  4.4
Evocations     | 1 |  1.2
Shields        | |  3.6

Action                   |  1- 3 |  4- 6 |  7- 9 | 10-12 | 13-15 || total
-------------------------+-------+-------+-------+-------+-------++-------
Melee: War axe           |   102 |   118 |   122 |       |       ||   342
       Headbutt          |    13 |    19 |    50 |    56 |   192 ||   330
       Broad axe         |       |       |   122 |   147 |       ||   269
       Executioner's axe |       |       |       |   222 |   106 ||   328
       Battleaxe         |       |       |       |       |   763 ||   763
Invok: Heroism           |       |       |     3 |     9 |    12 ||    24
       Finesse           |       |       |       |     9 |    10 ||    19
  Use: Scroll            |       |       |    12 |    17 |    14 ||    43
       Potion            |       |       |       |     1 |     1 ||     2
  Eat: Chunk             |     1 |     5 |    11 |    11 |    27 ||    55
       Bread ration      |       |       |       |     2 |       ||     2
       Fruit             |       |       |       |     1 |       ||     1
Armor: Scale mail        |    51 |    55 |    76 |     3 |       ||   185
       Plate armour      |       |       |       |   197 |    91 ||   288
       Chain mail        |       |       |       |       |   179 ||   179
Dodge: Dodged            |    29 |    33 |    91 |   220 |   457 ||   830
Block: Shield            |    50 |    61 |   111 |    57 |       ||   279
